 Dungeon Crawl Stone Soup version 0.31-a0-145-g046c7d2549 (webtiles) character file.

Game seed: 4784207839811660512

12 Esekla the Sneak (level 2, 21/21 HPs)
             Began as an Octopode Delver on June 6, 2023.
             Quit the game on level 5 of the Dungeon.
             The game lasted 00:02:20 (189 turns).

Esekla the Sneak (Octopode Delver)                   Turns: 189, Time: 00:02:20

Health: 21/21      AC:  1    Str: 11    XL:     2   Next: 33%
Magic:  2/2        EV: 13    Int: 12    God:
Gold:   10         SH:  0    Dex: 13    Spells: 1/1 levels left

rFire   . . .        a - +0 falchion
rCold   . . .        (no shield)
rNeg    . . .        (helmet restricted)
rPois   .            (no amulet)
rElec   .            (no ring)
rCorr   .            (no ring)
SInv    .            (no ring)
Will    .....        (no ring)
Stlth   ++++         (no ring)
HPRegen 0.23/turn    (no ring)
MPRegen 0.08/turn    (no ring)
                     (no ring)

%: no passive effects
@: no status effects
A: almost no armour, amphibious, 8 rings, camouflage 1, gelatinous body 1,
(nimble swimmer 1), tentacles
a: no special abilities


You were on level 5 of the Dungeon.
You visited 1 branch of the dungeon, and saw 1 of its levels.

You collected 10 gold pieces.

Inventory:

Hand Weapons
 a - a +0 falchion (weapon)
Jewellery
 d - a ring of protection from fire
Wands
 f - a wand of digging (3)
Scrolls
 b - a scroll of fog
 c - a scroll of amnesia {unknown}
 h - a scroll of identify {unknown}
Potions
 e - a potion of haste
 g - a potion of heal wounds {unknown}


   Skills:
 * Level 3.1 Fighting
 * Level 2.1 Long Blades
 * Level 2.1 Dodging
 + Level 6.9 Stealth
 * Level 0.3 Spellcasting


You had one spell level left.
You didn't know any spells.
Your spell library was empty.

Dungeon Overview and Level Annotations

Branches:
Dungeon (5/15)
 Temple: D:4-7

Altars:

Portals:
Ossuary: D:5

Annotations:
D:5 Grinder


Innate Abilities, Weirdness & Mutations

You cannot wear most types of armour.
You are amphibious.
You can wear up to eight rings at the same time.
Your skin changes colour to match your surroundings (Stealth+).
Your rubbery body absorbs attacks. (AC +1, EV +1)
((You are camouflaged when in or above water. (Stealth+)))
You have tentacles for arms and can constrict up to eight enemies at once.


Message History

The dart slug is moderately wounded.
You constrict the dart slug. The dart slug closely misses you.
You hit the dart slug. You squeeze the dart slug.
You kill the dart slug!
You start resting.
An adder is nearby!
Found 9 stones.
You start resting.
HP restored.
Found a shiny bronze ring.
An adder comes into view.
Found 10 gold pieces.
Grinder comes into view.
Found a stone staircase leading down.
The helpless adder fails to defend itself.
You hit the adder. You grab the adder.
The adder is moderately wounded.
You constrict the adder. The adder bites you. The adder misses you.
You hit the adder.
The adder is almost dead.
You constrict the adder.
You kill the adder!
You have reached level 2!
Unknown command.
You see here a ring of protection from fire.
d - a ring of protection from fire You hear the hiss of an avalanche of sand nearby.
Found a robe.
Found an escape hatch in the ceiling.
Found a scroll labelled WUFOYK ZOS MEC.
You now have 10 gold pieces.
Found 2 large rocks.
There is a stone staircase leading down here.
h - a scroll labelled WUFOYK ZOS MEC An orc comes into view.
It is wielding a +0 club of chaos.
An orc comes into view. It is wielding a +2 dagger of chaos.
Found a sand-covered staircase.
There is an empty arch of ancient stone here.
Unknown command.
Are you sure you want to abandon this character and quit the game? (Confirm with "yes".)

#...### #....#.....
#...# #..S....###
#...# *,.....)w..
#...# *,,.5#..#..
#...# ******###.....
#...# **8**,,........
#...# *,,.#,,......##
#...###...#,,.....S..
#...@...∩.#,,........
#...###...#,,........
#...# *,,.#,,........
#...# **8**,,.,......
#...# ****,,,,......
#...# *,,,,,...).
#...# *,,,,,h....
#...* ******##..#
*,,,* *******..*.


There were no monsters in sight!

Vanquished Creatures
  An adder (D:5)
  A dart slug (D:5)
2 creatures vanquished.

Notes
Turn   | Place    | Note
-------+----------+-------------------------------------------
     0 | D:5      | Esekla the Octopode Delver began the quest for the Orb.
     0 | D:5      | Reached XP level 1. HP: 16/16 MP: 1/1
     8 | D:5      | Noticed an iguana
    31 | D:5      | Noticed a hound
   134 | D:5      | Noticed Grinder
   140 | D:5      | Reached XP level 2. HP: 20/21 MP: 2/2
   187 | D:5      | Found a sand-covered staircase.
   189 | D:5      | Quit the game

Illustrated notes

Levels and vault maps discovered:
D:5:      layout_rooms, tgw_xom, chequers_ossuary_entry_cave, uniq_ijyb,
          uniq_grinder

Action                     || total
---------------------------++-------
  Melee: Falchion          ||    11
         Constrict         ||     2
         Tentacles         ||     2
    Use: Scroll            ||     2
   Stab: Sleeping          ||     1
 Armour: Skin              ||     1
  Dodge: Dodged            ||    10

Table legend: (Time is in decaauts)
 A = Elapsed time spent in this place.
 B = Non-inter-level travel time spent in this place.
 C = Inter-level travel time spent in this place.
 D = Time resting spent in this place.
 E = Time spent auto-exploring this place.
 F = Levels seen in this place.
 G = Mean time per level.
                   A        B        C        D        E       F      G
               +--------+--------+--------+--------+--------+-----+--------+
         Total |    191 |    191 |      0 |     63 |      0 |   1 |  191.0 |
       Dungeon |    191 |    191 |      0 |     63 |      0 |   1 |  191.0 |
               +--------+--------+--------+--------+--------+-----+--------+

Top non-repeatable levels by time:
     D:5: 191 daAuts
